 Dungeon Crawl Stone Soup version 0.21.1-1-g345015f (webtiles) character file.

50 eccles the Bolt Thrower (level 3, 0/30 HPs)
             Began as a Centaur Hunter on July 30, 2018.
             Slain by Sigmund
             ... wielding a +0 scythe
              (3 damage)
             ... on level 2 of the Dungeon.
             The game lasted 00:05:21 (775 turns).

eccles the Bolt Thrower (Centaur Hunter)             Turns: 775, Time: 00:05:22

Health: 0/30       AC:  5    Str: 14    XL:     3   Next: 55%
Magic:  3/3        EV:  9    Int: 10    God:
Gold:   63         SH:  0    Dex: 10    Spells: 2/2 levels left

rFire    . . .     SeeInvis .   a - +1 hand crossbow
rCold    . . .     Gourm    .   (no shield)
rNeg     . . .     Faith    .   c - +0 leather armour
rPois    .         Spirit   .   k - +0 helmet
rElec    .         Reflect  .   (no cloak)
rCorr    .         Harm     .   (no gloves)
MR       .....                  (no barding)
Stlth    ..........             (no amulet)
HPRegen  0.10/turn              (no ring)
MPRegen  0.08/turn              (no ring)

@: confused, very quick
A: large, hooves 3, deformed body, speed 2, tough skin 3
a: no special abilities


You were on level 2 of the Dungeon.
You were not hungry.

You visited 1 branch of the dungeon, and saw 2 of its levels.

You collected 63 gold pieces.

Inventory:

Hand Weapons
 a - a +1 hand crossbow (weapon)
 b - a +0 short sword
Missiles
 d - 10 bolts (quivered)
Armour
 c - a +0 leather armour (worn)
 k - a +0 helmet (worn)
Scrolls
 g - 2 scrolls of amnesia {unknown}
 i - a scroll of enchant armour {unknown}
Potions
 e - a potion of might {unknown}
 j - a potion of berserk rage {unknown}
Comestibles
 f - 2 rations
 h - a chunk of flesh


   Skills:
 + Level 2.4 Fighting
 + Level 1.5 Short Blades
 * Level 5.0 Crossbows
 + Level 0.2 Armour
 + Level 1.4 Dodging
 + Level 0.4 Stealth


You had 2 spell levels left.
You didn't know any spells.

Dungeon Overview and Level Annotations

Branches:
Dungeon (2/15)

Altars:

Annotations:
D:2 Sigmund


Innate Abilities, Weirdness & Mutations

You have hooves in place of feet.
Armour fits poorly on your strangely shaped body.
You cover ground very quickly.
You have extremely tough skin. (AC +3)


Message History

You are confused.
Firing (i - inventory):
d - 13 bolts (quivered)
Press: ? - help, Shift-Dir - straight line, f/p - Sigmund
Aim: Sigmund, wielding a scythe, wearing a runed robe and carrying a wand of polymorph (6) (moderately wounded)
You shoot a bolt.
Sigmund hits you from afar with a scythe.
* * * LOW HITPOINT WARNING * * *
Firing (i - inventory):
d - 12 bolts (quivered)
Press: ? - help, Shift-Dir - straight line, f/p - Sigmund
Aim: Sigmund, wielding a scythe, wearing a runed robe and carrying a wand of polymorph (6) (moderately wounded)
You shoot a bolt. Sigmund hits you but does no damage.
Firing (i - inventory):
d - 11 bolts (quivered)
Press: ? - help, Shift-Dir - straight line, f/p - Sigmund
Aim: Sigmund, wielding a scythe, wearing a runed robe and carrying a wand of polymorph (6) (moderately wounded)
You shoot a bolt.
You feel less wooden.
Your +0 helmet unmelds from your body.
Your +0 leather armour unmelds from your body.
Sigmund hits you from afar with a scythe.
You die...

(.. ...#
.....
(.(..#####
.........#
.........#
#..).(#####
#..†@.....#
#....†@...#
####+#..%.#
...(# ..$#
#.## [# #


You could see Sigmund.

Vanquished Creatures
  A gnoll (D:2)
  An ooze (D:1)
  A dart slug (D:1)
  A leopard gecko (D:1)
  2 giant cockroaches (D:1)
  3 goblins (D:1)
  3 hobgoblins (D:1)
  4 jackals (D:1)
  A quokka (D:2)
  4 bats (D:1)
  2 frilled lizards
  5 kobolds (D:1)
  4 rats
32 creatures vanquished.

Notes
Turn   | Place    | Note
-------+----------+-------------------------------------------
     0 | D:1      | eccles the Centaur Hunter began the quest for the Orb.
     0 | D:1      | Reached XP level 1. HP: 17/17 MP: 1/1
   185 | D:1      | Reached XP level 2. HP: 24/25 MP: 2/2
   444 | D:1      | Reached skill level 1 in Short Blades
   487 | D:1      | Reached XP level 3. HP: 24/30 MP: 3/3
   623 | D:1      | Reached skill level 5 in Crossbows
   654 | D:2      | Noticed Sigmund
   775 | D:2      | Slain by Sigmund

Skill      XL: |  1  2  3 |
---------------+----------+-----
Short Blades   | 1 |  1.5
Crossbows      | 5 |  5.0
Fighting       | |  2.4
Armour         | |  0.2
Dodging        | |  1.4
Stealth        | |  0.4

Action                   || total
-------------------------++-------
Melee: Short sword       ||   102
       Kick              ||    17
 Fire: Hand crossbow     ||    10
Armor: Leather armour    ||    38
       Skin              ||    11
Dodge: Dodged            ||    33
